 Dungeon Crawl Stone Soup version 0.29.1-1-gd02db6906a (webtiles) character file.

Game seed: 17326753216063885037

17 nshep25 the Sneak (level 2, 0/16 HPs)
             Began as a Spriggan Delver on Oct 11, 2022.
             Was an Initiate of Ashenzari.
             Slain by an orc wizard
             ... wielding a +0 dagger
              (1 damage)
             ... on level 4 of the Dungeon.
             The game lasted 00:05:29 (633 turns).

nshep25 the Sneak (Spriggan Delver)                  Turns: 633, Time: 00:05:30

Health: 0/16       AC:  2    Str:  8    XL:     2   Next: 44%
Magic:  3/3        EV: 17    Int: 11    God:    Ashenzari [......]
Gold:   0          SH:  0    Dex: 16    Spells: 1/1 levels left

rFire   . . .      SeeInvis +   a - +0 short sword
rCold   . . .      Faith    .   (no shield)
rNeg    . . .      Spirit   .   b - +0 robe
rPois   .          Reflect  .   (helmet restricted)
rElec   .          Harm     .   (no cloak)
rCorr   .          Rampage  .   (gloves unavailable)
Will    .....                   (boots unavailable)
Stlth   ++++......              (no amulet)
HPRegen 0.05/turn               (no ring)
MPRegen 0.08/turn               (no ring)

@: very quick
A: very small, no large weapons, unfitting armour, see invisible, speed 3
a: Renounce Religion


You were on level 4 of the Dungeon.
You worshipped Ashenzari.
Ashenzari was noncommittal.
You visited 1 branch of the dungeon, and saw 3 of its levels.

Inventory:

Hand Weapons
 a - a +0 short sword (weapon)
Armour
 b - a +0 robe (worn)
Wands
 g - a wand of digging (3)
 i - a wand of roots (8)
Scrolls
 c - a scroll of fog
 d - a scroll of magic mapping
 e - a scroll of fear
 h - 3 scrolls of teleportation {unknown}
 m - a scroll of poison {unknown}
Potions
 f - a potion of haste
 j - a potion of might {unknown}
 k - a potion of invisibility {unknown}
 l - a potion of mutation {unknown}


   Skills:
 + Level 2.6 Fighting
 + Level 2.3 Short Blades
 + Level 2.7 Dodging
 + Level 7.9 Stealth


You had one spell level left.
You didn't know any spells.
Your spell library was empty.

Dungeon Overview and Level Annotations

Branches:
Dungeon (5/15)
 Temple: D:4-7

Altars:
Ashenzari
Trog
Zin

Shops:
D:5 *

Annotations:
D:3 Grinder
D:4 Dowan, Duvessa


Innate Abilities, Weirdness & Mutations

You are very small and have problems with some larger weapons.
You are too small for most types of armour.
You have supernaturally acute eyesight. (SInv)
You cover ground extremely quickly. (Speed+++)


Message History

There is an open door here.
You open the door.
There is an open door here.
Found a stone staircase leading down.
There is a stone staircase leading down here.
You start waiting.
An orc opens the door.
It is wielding a +0 short sword.
An orc is nearby! 2 orcs and an orc wizard come into view.
The orc shouts!
A quokka comes into view.
You hit the quokka but do no damage. The quokka barely misses you.
The quokka bites you.
You miss the quokka. The quokka completely misses you.
You hit the quokka.
The quokka is almost dead.
The quokka barely misses you.
You hit the quokka.
You kill the quokka!
Found a glowing silver altar of Zin.
You start resting.
HP restored.
The orc wizard shouts!
You hear a shout! x3
The orc shouts!
You hit the orc wizard.
The orc wizard is moderately wounded.
The orc wizard casts a spell at you. The puff of flame hits you!
Ouch! That really hurt!
You closely miss the orc wizard.
The orc wizard is moderately wounded.
You hit the orc wizard.
The orc wizard is heavily wounded.
The orc wizard casts a spell at you. The puff of flame hits you.
* * * LOW HITPOINT WARNING * * *
You hit the orc wizard but do no damage.
The orc wizard is heavily wounded.
The orc wizard hits you with a +0 dagger.
You die...

..# #.# ..# #.# ..# #.#
..#####################.##
..'.........>....o.......#
..##############..########
### #...#...##o#
###.##.##.##o#
#_.##.##.##@o#
#########.##.##.### ....#
#..###..## ....# #### ####
....# ....# ....# ....###
......e


You could see 2 orc wizards and 2 orcs.

Vanquished Creatures
  An adder (D:3)
  2 endoplasms
  2 giant cockroaches
  A quokka (D:4)
  A kobold (D:4)
  A rat (D:3)
8 creatures vanquished.

Notes
Turn   | Place    | Note
-------+----------+-------------------------------------------
     0 | D:5      | nshep25 the Spriggan Delver began the quest for the Orb.
     0 | D:5      | Reached XP level 1. HP: 11/11 MP: 2/2
    61 | D:3      | Found a bloodstained altar of Trog.
    65 | D:3      | Reached XP level 2. HP: 16/16 MP: 3/3
   135 | D:3      | Found a broken altar of Ashenzari.
   143 | D:3      | Became a worshipper of Ashenzari the Shackled
   188 | D:3      | Noticed Grinder
   291 | D:4      | Noticed a phantom
   361 | D:4      | Noticed Dowan
   362 | D:4      | Noticed Duvessa
   527 | D:4      | Found a glowing silver altar of Zin.
   633 | D:4      | Slain by an orc wizard

Illustrated notes

Levels and vault maps discovered:
D:3:      layout_rooms, mainiacjoe_overflow_catch_the_wave,
          ebering_ecumenical_altar_hall, minmay_randomly_rotated_circles,
          uniq_grinder, uniq_natasha
D:4:      layout_basic, marbit_many_paths, uniq_duvessa
D:5:      layout_basic, nicolae_stop_n_shop_2

Action                   || total
-------------------------++-------
Melee: Short sword       ||    15
 Stab: Sleeping          ||     7
Dodge: Dodged            ||     5
